 Dungeon Crawl Stone Soup version 0.26-a0-800-g517d6fe721 (webtiles) character file.

Game seed: 1812529736781958529

196 reriks the Ogre Mage (level 5, -3/53 HPs)
             Began as an Ogre Hedge Wizard on Nov 11, 2020.
             Slain by an iguana (11 damage)
             ... on level 3 of the Dungeon.
             The game lasted 00:06:27 (5284 turns).

reriks the Ogre Mage (Ogre Hedge Wizard)            Turns: 5284, Time: 00:06:28

Health: -3/53      AC:  5    Str: 14    XL:     5   Next: 75%
Magic:  0/11       EV: 10    Int: 16    God:
Gold:   311        SH:  0    Dex:  8    Spells: 6/13 levels left

rFire    . . .     SeeInvis +   h - +2 short sword (vamp)
rCold    . . .     Faith    +   (no shield)
rNeg     . . .     Spirit   .   b - +0 robe
rPois    .         Reflect  .   d - +2 hat
rElec    .         Harm     .   (no cloak)
rCorr    .         Rampage  .   (gloves unavailable)
MR       .....                  (boots unavailable)
Stlth    +.........             z - amulet of faith
HPRegen  0.17/turn              s - ring of see invisible
MPRegen  0.12/turn              (no ring)

@: no status effects
A: large, unfitting armour, tough skin 1
a: no special abilities


You were on level 3 of the Dungeon.
You visited 1 branch of the dungeon, and saw 4 of its levels.

You collected 311 gold pieces.

Inventory:

Hand Weapons
 a - a +0 dagger
 f - a +0 mace
 h - a +2 vampiric short sword (weapon)
Armour
 b - a +0 robe (worn)
 c - a +0 hat
 d - a +2 hat (worn)
Magical Staves
 u - an uncursed staff of poison
Jewellery
 s - a ring of see invisible (left hand)
 z - an amulet of faith (around neck)
Wands
 o - a wand of disintegration (8)
Scrolls
 i - 2 scrolls of noise
 l - 3 scrolls of identify
 m - a scroll of fog
 t - a scroll of remove curse
 v - a scroll of blinking
 w - 3 scrolls of teleportation
Potions
 e - a potion of curing
 g - 2 potions of heal wounds {unknown}
 j - a potion of magic {unknown}
 k - 5 potions of brilliance {unknown}
 n - a potion of flight {unknown}
 q - a potion of cancellation {unknown}
 x - 2 potions of mutation {unknown}


   Skills:
 + Level 3.0 Fighting
 + Level 2.9 Dodging
 - Level 1.5 Stealth
 + Level 4.6 Spellcasting
 + Level 2.3 Conjurations
   Level 0.8 Summonings
   Level 0.8 Translocations
 + Level 1.1 Fire Magic


You had 6 spell levels left.
You knew the following spells:

 Your Spells              Type           Power        Failure   Level
a - Magic Dart            Conj           ##..         6%          1
b - Mephitic Cloud        Conj/Pois/Air  #.......     34%         3
c - Conjure Flame         Conj/Fire      #.......     24%         3

Your spell library contained the following spells:

 Spells                   Type           Power        Failure   Level
 Blink                    Tloc           N/A          17%         2
 Call Imp                 Summ           #.......     17%         2
 Slow                     Hex            #.......     24%         2


Dungeon Overview and Level Annotations

Branches:
Dungeon (4/15)
 Temple: D:4-7

Altars:
Wu Jian

Annotations:
D:3 1 runed translucent door, Crazy Yiuf


Innate Abilities, Weirdness & Mutations

You are too large for most types of armour.
You have tough skin. (AC +1)


Message History

Press: ? - help, Shift-Dir - straight line, f/p - iguana
Aim: an iguana (moderately wounded)
The magic dart hits the iguana.
The iguana is moderately wounded.
The iguana bites you!
* * * LOW HITPOINT WARNING * * *
Casting: Magic Dart (safe; 6% risk of failure)
Confirm with . or Enter, or press ? or * to list all spells.
You don't have enough magic to cast that spell.
You hit the iguana.
You feel better.
The iguana is moderately wounded.
The iguana barely misses you.
You closely miss the iguana.
The iguana is moderately wounded.
The iguana bites you!
* * * LOW HITPOINT WARNING * * *
You hit the iguana.
You feel better.
The iguana is heavily wounded.
The iguana bites you!
You die...

######### ####### ........##
##.(.... ######...#
##....### ###...###
##########.###(#
#.......#####..........# #.#
#...........l@########.###(#
####>..>...####### ##....###
.....#...### ##.#....
######...# #...... ##.##
######## #.##.#. #######.#
#.<^...####.##.## ...[..[.#
#.####......#...# #########
#.# ######...... #.# ###...#


You could see an iguana.

Vanquished Creatures
  A jelly (D:3)
  An orc wizard (D:3)
  Terence (D:3)
  4 adders
  2 oozes
  2 worms
  An orc (D:4)
  4 giant cockroaches
  5 goblins
  5 hobgoblins
  3 jackals (D:1)
  2 quokkas
  5 ball pythons
  9 bats
  4 frilled lizards
  8 kobolds
  7 rats
64 creatures vanquished.

Notes
Turn   | Place    | Note
-------+----------+-------------------------------------------
     0 | D:1      | reriks the Ogre Hedge Wizard began the quest for the Orb.
     0 | D:1      | Reached XP level 1. HP: 16/16 MP: 5/5
    54 | D:1      | Reached skill level 1 in Conjurations
   424 | D:1      | Reached XP level 2. HP: 26/26 MP: 0/6
   990 | D:1      | Reached skill level 1 in Fighting
  1367 | D:2      | Reached XP level 3. HP: 33/33 MP: 6/8
  1763 | D:2      | Reached skill level 4 in Spellcasting
  2143 | D:2      | Reached XP level 4. HP: 40/42 MP: 0/10
  2222 | D:2      | Found an ornate altar of the Wu Jian Council.
  2445 | D:3      | Noticed Terence
  2943 | D:3      | Found a faded altar of an unknown god.
  3448 | D:2      | Learned a level 3 spell: Mephitic Cloud
  3452 | D:2      | Learned a level 3 spell: Conjure Flame
  3898 | D:3      | Found a runed translucent door.
  3899 | D:3      | Noticed Crazy Yiuf
  4143 | D:3      | Killed Terence
  4143 | D:3      | Reached XP level 5. HP: 38/50 MP: 1/11
  4266 | D:3      | HP: 1/50 [iguana (7)]
  4917 | D:3      | Reached skill level 1 in Fire Magic
  5284 | D:3      | Slain by an iguana

Illustrated notes

Levels and vault maps discovered:
D:1:      elethiomel_arrival_infinity_welcomes_careful_drivers, layout_rooms
D:2:      layout_basic, lemuel_coloured_pillars_altar
D:3:      layout_loops_ring, chequers_ecumenical_altar_simple, uniq_terence,
          uniq_crazy_yiuf_cottage
D:4:      layout_gridville, hangedman_abyss_or_decor_stagger,
          small_statue_intersection, minmay_quadrilaterals

Skill      XL: |  1  2  3  4  5 |
---------------+----------------+-----
Conjurations   | 1 2 |  2.3
Dodging        | 2 |  2.9
Fighting       | 1 2 3 |  3.0
Spellcasting   | 4 |  4.6
Fire Magic     | 1 |  1.1
Stealth        | |  1.5
Summonings     | |  0.8
Translocations | |  0.8

Action                   |  1- 3 |  4- 6 || total
-------------------------+-------+-------++-------
Melee: Dagger            |     6 |       ||     6
       Mace              |     2 |       ||     2
       Short sword       |    10 |    17 ||    27
 Cast: Magic Dart        |    91 |   155 ||   246
  Use: Scroll            |     4 |     6 ||    10
 Stab: Sleeping          |       |     1 ||     1
Armor: Robe              |    11 |    27 ||    38
Dodge: Dodged            |    12 |    32 ||    44

Table legend: (Time is in decaauts)
 A = Elapsed time spent in this place.
 B = Non-inter-level travel time spent in this place.
 C = Inter-level travel time spent in this place.
 D = Time resting spent in this place.
 E = Time spent auto-exploring this place.
 F = Levels seen in this place.
 G = Mean time per level.
                   A        B        C        D        E       F      G
               +--------+--------+--------+--------+--------+-----+--------+
         Total |   5289 |   4896 |    393 |   2343 |   1793 |   4 | 1322.2 |
       Dungeon |   5289 |   4896 |    393 |   2343 |   1793 |   4 | 1322.2 |
               +--------+--------+--------+--------+--------+-----+--------+

Top non-repeatable levels by time:
     D:3: 2242 daAuts
     D:2: 1664 daAuts
     D:1: 1309 daAuts
     D:4: 72 daAuts
